 Dungeon Crawl Stone Soup version 0.29-a0-321-gf1c400731a (webtiles) character file.

Game seed: 5060505042333506031

126 siradein the Caller (level 5, -7/32 (34) HPs)
             Began as an Octopode Summoner on Apr 4, 2022.
             Mangled by Crazy Yiuf
             ... wielding a +4 quarterstaff of chaos
              (13 damage)
             ... on level 2 of the Dungeon.
             The game lasted 00:07:39 (3354 turns).

siradein the Caller (Octopode Summoner)             Turns: 3354, Time: 00:07:40

HP:   -7/32 (34)    AC:  1    Str:  8    XL:     5   Next: 9%
MP:   2/9           EV: 13    Int: 19    God:
Gold: 95            SH:  0    Dex: 12    Spells: 3/9 levels left

rFire   . . .      SeeInvis .   l - +0 spear
rCold   . . .      Faith    .   (no shield)
rNeg    . . .      Spirit   .   (helmet restricted)
rPois   .          Reflect  .   (no amulet)
rElec   .          Harm     .   d - ring of flight
rCorr   .          Rampage  .   (no ring)
Will    .....                   (no ring)
Stlth   +++.......              (no ring)
HPRegen 0.10/turn               (no ring)
MPRegen 0.11/turn               (no ring)
                                (no ring)
                                (no ring)

@: flying, drained
A: almost no armour, amphibious, 8 rings, camouflage 1, gelatinous body 1,
(nimble swimmer 1), tentacles
a: no special abilities


You were on level 2 of the Dungeon.
You visited 1 branch of the dungeon, and saw 2 of its levels.

You collected 95 gold pieces.

Inventory:

Hand Weapons
 l - a +0 spear (weapon)
Jewellery
 d - a ring of flight (left tentacle)
Scrolls
 b - 2 scrolls of holy word {unknown}
 c - 3 scrolls of amnesia {unknown}
 e - 3 scrolls of magic mapping {unknown}
 f - a scroll of enchant armour {unknown}
 j - 2 scrolls of identify {unknown}
 k - a scroll of blinking {unknown}
 m - a scroll of fog {unknown}
Potions
 a - a potion of magic
 g - a potion of might {unknown}
 h - a potion of lignification {unknown}
 i - a potion of heal wounds {unknown}


   Skills:
 + Level 1.8 Fighting
 + Level 2.8 Dodging
 - Level 2.6 Stealth
 + Level 2.7 Spellcasting
 * Level 5.0 Summonings


You had 3 spell levels left.
You knew the following spells:

 Your Spells              Type           Power      Damage    Failure   Level
a - Call Canine Familiar  Summ           21%        N/A       6%          3
b - Call Imp              Summ           21%        N/A       3%          2
c - Summon Small Mammal   Summ           84%        N/A       1%          1

Your spell library contained the following spells:

 Spells                   Type           Power      Damage    Failure   Level
 Summon Guardian Golem    Hex/Summ       12%        N/A       17%         3
 Inner Flame              Hex/Fire       2%         N/A       43%         3
 Summon Lightning Spire   Summ/Air       12%        N/A       50%         4
 Cause Fear               Hex            1%         N/A       83%         4
 Discord                  Hex            1%         N/A       100%        8


Dungeon Overview and Level Annotations

Branches:
Dungeon (2/15)

Altars:

Annotations:
D:2 Crazy Yiuf


Innate Abilities, Weirdness & Mutations

You cannot wear most types of armour.
You are amphibious.
You can wear up to eight rings at the same time.
Your skin changes colour to match your surroundings (Stealth+).
Your rubbery body absorbs attacks. (AC +1, EV +1)
((You are camouflaged when in or above water. (Stealth+)))
You have tentacles for arms and can constrict up to eight enemies at once.


Message History

Casting: Call Canine Familiar (dangerous; 6% risk of failure)
Confirm with . or Enter, or press ? or * to list all spells.
You reach down and open the door.
You swap places.
Crazy Yiuf hits your hound with a +4 quarterstaff of chaos!
Crazy Yiuf drains your hound.
Your hound bites Crazy Yiuf.
Crazy Yiuf hits your hound with a +4 quarterstaff of chaos!
Crazy Yiuf burns your hound.
Your hound dies!
Your hound's corpse disappears in a puff of smoke!
Casting: Call Canine Familiar (dangerous; 6% risk of failure)
Confirm with . or Enter, or press ? or * to list all spells.
You swap places.
Your hound bites Crazy Yiuf but does no damage.
Casting: Call Canine Familiar (dangerous; 6% risk of failure)
Confirm with . or Enter, or press ? or * to list all spells.
Crazy Yiuf laughs, "Buddy meccalolo aubergine!"
Your hound closely misses Crazy Yiuf.
Your hound bites Crazy Yiuf.
Your hound barely misses Crazy Yiuf.
You reach to attack!
You barely miss Crazy Yiuf.
Crazy Yiuf is lightly wounded.
Your hound bites Crazy Yiuf.
Crazy Yiuf cries, "Papa aubergine shrimp!"
You hit Crazy Yiuf but do no damage. Your grab misses Crazy Yiuf.
Crazy Yiuf is moderately wounded.
Crazy Yiuf screams, "Ice senile meccalolo!"
Crazy Yiuf hits you with a +4 quarterstaff of chaos!
Ouch! That really hurt!
You feel drained.
Your hound bites Crazy Yiuf but does no damage.
Your hound bites Crazy Yiuf but does no damage.
You hit Crazy Yiuf. Your grab misses Crazy Yiuf.
Crazy Yiuf is heavily wounded.
Your hound bites Crazy Yiuf.
Crazy Yiuf whimpers, "Shower stair infinity!"
Crazy Yiuf hits you with a +4 quarterstaff of chaos!
* * * LOW HITPOINT WARNING * * *
Your hound bites Crazy Yiuf.
Crazy Yiuf hits you with a +4 quarterstaff of chaos!
You die...

#........# ##.P.# #.............
######..## #PP..# #.###.########
.....#..# ##..## #.###.........
####.#..#####....###.......#####.
#.#..#.##...............# #...
#.#..#'##...............# #.##
#............h..........###'##
#.......)...)g................
#............@................ ##
#........####'###)............
.###........####.###.......###.##
.'.#........'..[...........+...#
.#.#........#####.##.......#####
.#.#........#####..#.############
.#.#......<.'..###.#.# #.....#
.#.#........##.###...######.###)#
(#.#.........#.#............# #.#


You could see Crazy Yiuf (ally target) and a friendly hound (summoned).

Vanquished Creatures
  A gnoll (D:2)
  2 endoplasms
  3 giant cockroaches
  2 jackals (D:1)
  A kobold (D:2)
  A quokka (D:2)
  4 ball pythons
  A bat (D:1)
  2 frilled lizards
  2 goblins (D:2)
  3 rats
22 creatures vanquished.

Vanquished Creatures (collateral kills)
  Jessica (D:2)
  3 gnolls (D:2)
  2 adders (D:2)
  A worm (D:2)
  2 dart slugs
  An orc (D:2)
  2 endoplasms (D:1)
  A bat (D:1)
  A frilled lizard (D:2)
  4 kobolds
  A rat (D:2)
19 creatures vanquished.

Grand Total: 41 creatures vanquished

Notes
Turn   | Place    | Note
-------+----------+-------------------------------------------
     0 | D:1      | siradein the Octopode Summoner began the quest for the Orb.
     0 | D:1      | Reached XP level 1. HP: 11/11 MP: 3/3
   788 | D:1      | Reached XP level 2. HP: 11/18 MP: 0/5
   909 | D:1      | Learned a level 2 spell: Call Imp
  2145 | D:2      | Reached XP level 3. HP: 14/22 MP: 3/6
  2151 | D:2      | Learned a level 3 spell: Call Canine Familiar
  2345 | D:2      | Reached skill level 1 in Fighting
  2524 | D:2      | Reached XP level 4. HP: 17/28 MP: 0/7
  2861 | D:2      | Noticed Jessica
  2870 | D:2      | Killed Jessica
  3089 | D:2      | Reached XP level 5. HP: 34/34 MP: 6/9
  3239 | D:2      | Found a runed translucent door.
  3240 | D:2      | Noticed Crazy Yiuf
  3277 | D:2      | Reached skill level 5 in Summonings
  3354 | D:2      | Mangled by Crazy Yiuf

Illustrated notes

Levels and vault maps discovered:
D:1:      dpeg_arrival_houses_and_road, layout_basic
D:2:      layout_basic, uniq_crazy_yiuf_cottage, uniq_jessica

Skill      XL: |  1  2  3  4  5 |
---------------+----------------+-----
Fighting       | 1 |  1.8
Summonings     | 5 |  5.0
Dodging        | |  2.8
Stealth        | |  2.6
Spellcasting   | |  2.7

Action                   |  1- 3 |  4- 6 || total
-------------------------+-------+-------++-------
Melee: Club              |    17 |       ||    17
       Unarmed           |     8 |       ||     8
       Constrict         |    17 |     1 ||    18
       Tentacles         |    13 |       ||    13
       Dagger            |    32 |       ||    32
       Spear             |       |    14 ||    14
 Cast: Summon Small Mamm |     7 |       ||     7
       Call Imp          |    14 |     5 ||    19
       Call Canine Famil |     2 |     6 ||     8
 Stab: Sleeping          |     3 |     1 ||     4
Armor: Skin              |     4 |       ||     4
Dodge: Dodged            |    43 |     4 ||    47

Table legend: (Time is in decaauts)
 A = Elapsed time spent in this place.
 B = Non-inter-level travel time spent in this place.
 C = Inter-level travel time spent in this place.
 D = Time resting spent in this place.
 E = Time spent auto-exploring this place.
 F = Levels seen in this place.
 G = Mean time per level.
                   A        B        C        D        E       F      G
               +--------+--------+--------+--------+--------+-----+--------+
         Total |   3358 |   3348 |     10 |     57 |   2805 |   2 | 1679.0 |
       Dungeon |   3358 |   3348 |     10 |     57 |   2805 |   2 | 1679.0 |
               +--------+--------+--------+--------+--------+-----+--------+

Top non-repeatable levels by time:
     D:1: 1808 daAuts
     D:2: 1549 daAuts
